Map: Frostline LE

Players

Sam - Winner!

  • Race: Terran Terran
  • League: Silver
  • Spawn Location: 7:00

iPlayDefense

  • Race: Terran Terran
  • League: Silver
  • Spawn Location: 1:00

VOD

Have the link to the VOD?

Description

Time

  • Played on: April 18, 2025, 12:20 p.m.
  • Length: 12:36
Show
View Real Time Build Order
Export as new Build Order

Sam Terran - Winner!

Build Orders:  

Get SALT Encoding   

  12  0:03  SCV  
  13  0:15  SCV  
  13  0:21  Supply Depot  
  14  0:49  Barracks  
  14  0:50  SCV  
  15  1:00  Supply Depot  
  15  1:04  SCV  
  15  1:09  Refinery  
  15  1:11  Refinery  
  16  1:16  Engineering Bay  
  17  1:18  SCV  
  17  1:30  SCV  
  18  1:42  SCV, Marine  
  20  1:54  SCV  
  20  2:00  Marine  
  20  2:01  Factory  
  22  2:07  SCV  
  23  2:18  Marine  
  23  2:20  Bunker  
  24  2:26  Refinery  
  24  2:31  Terran Infantry Weapons Level 1  
  24  2:34  SCV  
  24  2:36  Marine  
  26  2:47  Factory Tech Lab  
  26  2:55  Starport  
  26  3:10  Missile Turret  
  26  3:19  SCV  
  27  3:27  Supply Depot  
  27  3:32  Refinery  
  27  3:37  Siege Tank, Missile Turret  
  30  3:41  SCV  
  31  3:57  SCV  
  31  3:59  Starport Tech Lab  
  32  4:05  Fusion Core  
  32  4:27  Widow Mine  
  34  4:32  SCV  
  35  4:41  Supply Depot  
  35  4:48  Siege Tank  
  38  4:55  Missile Turret  
  38  5:04  Supply Depot  
  38  5:05  Marine  
  39  5:09  SCV  
  40  5:28  Battlecruiser  
  46  5:39  Weapon Refit  
  46  5:48  Orbital Command  
  46  6:18  Command Center  
  46  6:24  Widow Mine  
  48  6:28  SCV  
  49  6:36  Supply Depot  
  49  6:45  Widow Mine  
  51  6:59  Missile Turret  
  51  7:03  SCV  
  51  7:05  Battlecruiser  
  58  7:19  Supply Depot  
  58  7:34  Marine  
  59  7:39  Barracks  
  59  7:58  Starport  
  59  8:10  Supply Depot, Battlecruiser  
  65  8:15  Barracks Reactor  
  65  8:21  SCV  
  66  8:33  SCV  
  67  8:37  Missile Turret  
  67  8:45  SCV  
  68  8:57  SCV  
  69  9:09  SCV  
  70  9:17  Starport Tech Lab  
  70  9:18  Battlecruiser  
  76  10:22  Battlecruiser  
  82  10:45  Battlecruiser  
  88  10:52  Armory  
  88  11:19  Barracks Tech Lab  
  88  11:26  Battlecruiser  
  94  11:40  Supply Depot  
  94  11:48  Supply Depot  
  94  12:02  Supply Depot  
  94  12:05  Missile Turret  
  100  12:10  Supply Depot  
Show
View Real Time Build Order
Export as new Build Order

iPlayDefense Terran 

Build Orders:  

Get SALT Encoding   

  12  0:00  SCV  
  13  0:15  Supply Depot  
  13  0:19  SCV  
  14  0:31  SCV  
  14  0:35  Refinery  
  15  0:43  SCV  
  16  0:51  Barracks  
  16  0:55  SCV  
  17  1:07  SCV  
  18  1:19  SCV  
  19  1:38  Barracks Reactor  
  19  1:40  Orbital Command  
  19  1:49  Engineering Bay  
  19  1:50  Barracks  
  19  1:54  Barracks  
  19  2:05  SCV  
  19  2:07  Refinery  
  20  2:14  Marine x2  
  22  2:17  SCV  
  23  2:28  Supply Depot  
  23  2:39  Supply Depot  
  23  2:49  Barracks Reactor x2  
  23  2:51  Supply Depot, Barracks Tech Lab  
  23  2:52  Barracks Tech Lab  
  23  3:12  SCV  
  24  3:20  Command Center  
  24  3:21  Supply Depot  
  24  3:24  SCV  
  25  3:36  SCV  
  26  3:48  SCV  
  26  3:50  Marine  
  26  3:51  Marine x3  
  26  3:55  Supply Depot  
  31  3:56  Terran Infantry Weapons Level 1  
  31  4:08  Marine x2  
  31  4:09  Factory  
  33  4:14  Combat Shield  
  33  4:15  Stimpack  
  33  4:32  Orbital Command  
  33  4:35  SCV  
  34  4:40  Refinery  
  34  4:46  Marine x2  
  34  4:47  SCV, Marine x2  
  39  4:58  Supply Depot  
  39  4:59  SCV  
  40  5:03  SCV  
  41  5:11  SCV  
  42  5:15  SCV  
  42  5:16  Supply Depot  
  43  5:23  SCV  
  43  5:27  SCV  
  45  5:35  SCV  
  45  5:38  Marine  
  45  5:39  Supply Depot, Marine x3  
  50  5:43  Factory Tech Lab  
  50  5:52  Supply Depot  
  50  5:56  Marine x2  
  52  6:01  Supply Depot  
  52  6:14  SCV x2  
  52  6:15  Marine x2  
  52  6:16  Marine x2  
  52  6:18  Siege Tank  
  61  6:23  Supply Depot  
  61  6:26  SCV x2  
  63  6:33  Marine x2  
  63  6:34  Supply Depot  
  63  6:38  SCV x2  
  67  6:43  Refinery  
  67  6:45  Supply Depot  
  67  6:48  Barracks  
  67  6:50  Siege Tank  
  70  6:54  Barracks  
  70  7:07  Starport  
  70  7:08  Supply Depot, SCV  
  70  7:09  SCV, Marine x2  
  70  7:10  Marine x2  
  76  7:20  SCV  
  76  7:21  SCV  
  76  7:22  Siege Tank  
  81  7:27  Marine x2  
  83  7:34  Terran Infantry Armor Level 1  
  83  7:37  Concussive Shells  
  83  7:45  Barracks Reactor x2  
  83  7:54  Siege Tank  
  86  8:11  Armory  
  86  8:12  Starport Reactor  
  86  8:22  Marine x3  
  86  8:23  Marine x5  
  86  8:26  Siege Tank  
  97  8:40  Command Center  
  97  8:45  Missile Turret  
  97  8:47  Missile Turret x2  
  97  8:48  Missile Turret  
  97  8:49  Missile Turret x2  
  93  8:58  Siege Tank  
  87  9:14  Medivac  
  87  9:15  Medivac  
  91  9:25  Marine  
  91  9:26  Marine x5  
  91  9:27  Marine x2  
  91  9:30  Siege Tank  
  99  9:44  Medivac  
  99  9:45  Medivac  
  89  10:03  Siege Tank  
  84  10:14  Medivac  
  80  10:34  Thor  
  84  10:56  Viking x2  
  88  11:17  Thor  
  94  11:24  Orbital Command  
  94  11:26  Viking x2  
  94  11:29  SCV x2  
  100  11:41  SCV x2  
  102  11:53  SCV x2  
  104  11:56  Viking x2  
  104  11:58  SCV  
  115  12:05  SCV x2  
  117  12:10  SCV  
  118  12:17  SCV  
  118  12:18  SCV  
Tags
 
Matchup
TvT
Race
Terran
Replay Pack
Dave SC2 II
Spawn Locations
Cross Positions
Add a new tag
Caveats
  • Supply blocks, unpowered buildings, or Contaminate may cause inaccurate times.
  • Supply counts are checked every 10 seconds.